AoeStats
← ROSA CANINA

Arabia

510059250Analyzed
1v1 RM · 2d ago on Sep 29, 2026· 18m 33s· 2 players
Game mode
Random Map
Map size
Tiny (2 player)
Population
200
Speed
Normal
Resources
Standard
Victory
Conquest
Starting age
Dark Age
Ending age
Imperial Age
RankedLock teamsTeams togetherTeam positionsShared explorationLock speedFull tech treeHidden civsTurbo modeCheats
Victory
Defeat
🇨🇳 Vikings · China
1026
+16
🇫🇷 Mongols · France
1028
-16
wujiang
7:40 Loom
9:34 Feudal Age
10:01 Man-at-Arms
11:09 Double-Bit Axe
16:25 Scale Mail Armor
17:20 Arson
18:46 Fletching
18:57 Padded Archer Armor
ROSA CANINA
5:06 Loom
8:25 Feudal Age
12:21 Horse Collar
Connection lost

Rejoining the realm…

Still unreachable

The connection could not be restored.

Session expired

The server has moved on; the page needs a fresh start.